 Dungeon Crawl Stone Soup version 0.30-a0-870-gc5d4c5acee (webtiles) character file.

Game seed: 8772707082086163487

2685 cheesebisquit the Reanimator (level 9, -3/57 HPs)
             Began as a Mummy Necromancer on Mar 11, 2023.
             Slain by a yak (5 damage)
             ... on level 8 of the Dungeon.
             The game lasted 00:38:31 (7356 turns).

cheesebisquit the Reanimator (Mummy Necromancer)    Turns: 7356, Time: 00:38:32

Health: -3/57      AC: 12    Str: 11    XL:     9   Next: 38%
Magic:  15/19      EV: 11    Int: 20    God:
Gold:   212        SH:  0    Dex: 13    Spells: 9/22 levels left

rFire   x . .      SeeInvis .    t - +2 spear (heavy)
rCold   + . .      Faith    +    (no shield)
rNeg    + + +      Spirit   .    g - +4 leather armour of Chimes {Int+2}
rPois   ∞          Reflect  .    (no helmet)
rElec   .          Rampage  .    o - +2 cloak
rCorr   .                        v - +1 pair of gloves
Will    +....                    (no boots)
Stlth   ++                       h - amulet of magic regeneration
HPRegen 0.29/turn                k - ring of flight
MPRegen 0.56/turn                (no ring)

@: animating dead, flying
A: cold resistance 1, negative energy resistance 3, torment resistance 2, heat
vulnerability 1, in touch with death 1, no potions, faith
a: no special abilities


You were on level 8 of the Dungeon.
You visited 2 branches of the dungeon, and saw 9 of its levels.
You also visited: Sewer.

You collected 413 gold pieces.
You spent 201 gold pieces at shops.

Inventory:

Hand Weapons
 c - a +0 club
 d - a +2 vampiric short sword
 t - a +2 heavy spear (weapon)
 y - a +5 short sword of freezing
Missiles
 n - a curare-tipped dart
 p - 12 poisoned darts
Armour
 b - a +0 tower shield
 g - the +4 leather armour of Chimes (worn) {Int+2}
   (You found it on level 2 of the Dungeon)

   Int:       It affects your intelligence (+2).
 o - a +2 cloak (worn)
 v - a +1 pair of gloves (worn)
 z - a +2 robe of willpower
Jewellery
 h - an amulet of magic regeneration (around neck)
 k - a ring of flight (left hand)
 l - a ring of protection from cold
 q - an amulet of reflection
 w - a +6 ring of dexterity
Wands
 u - a wand of flame (16)
 A - a wand of mindburst (12)
Scrolls
 a - a scroll of summoning
 e - 2 scrolls of poison
 f - a scroll of identify
 i - 6 scrolls of noise
 j - 3 scrolls of amnesia
 m - a scroll of brand weapon
 s - 3 scrolls of teleportation
 x - a scroll of immolation
 B - a scroll of vulnerability {unknown}


   Skills:
 - Level 1.5 Dodging
 - Level 1.5 Stealth
 - Level 7.0 Spellcasting
 + Level 12.3 Necromancy


You had 9 spell levels left.
You knew the following spells:

 Your Spells              Type           Power      Damage    Failure   Level
a - Necrotise             Necr           100%       1d9       1%          1
b - Vampiric Draining     Necr           71%        2d11      1%          3
c - Animate Dead          Necr           71%        N/A       1%          4
d - Agony                 Necr           71%        N/A       2%          5

Your spell library contained the following spells:

 Spells                   Type           Power      Damage    Failure   Level
 Magic Dart               Conj           28%        1d4       12%         1
 Sting                    Tmut/Pois      28%        1d4       12%         1
 Blink                    Tloc           14%        N/A       19%         2
 Lesser Beckoning         Tloc           14%        N/A       19%         2
 Momentum Strike          Conj/Tloc      14%        3d8       19%         2
 Poisonous Vapours        Pois/Air       14%        N/A       19%         2
 Searing Ray              Conj           14%        2d5       19%         2
 Ignite Poison            Fire/Tmut/Pois 7%         N/A       36%         3
 Inner Flame              Hex/Fire       7%         N/A       36%         3
 Kindle Blastsparks       Fire/Tloc/Air  14%        2d11      36%         3
 Ozocubu's Armour         Ice            7%         N/A       36%         3
 Flame Wave               Conj/Fire      7%         2d5       77%         4
 Fulminant Prism          Conj/Hex       3%         3d5       77%         4
 Olgreb's Toxic Radiance  Pois           7%         N/A       77%         4
 Sticky Flame             Conj/Fire      7%         2d3       77%         4
 Freezing Cloud           Conj/Ice/Air   3%         6-21      98%         5
 Ozocubu's Refrigeration  Ice            3%         4d8       100%        7
 Ignition                 Fire           3%         3d4       100%        8


Dungeon Overview and Level Annotations

Branches:
Dungeon (8/15)             Temple (1/1) D:5           Sewer (visited)
   Lair: D:8-11

Altars:
Ashenzari
Cheibriados
Dithmenos
Gozag
Makhleb
Nemelex Xobeh
Ru
Sif Muna
Trog
Uskayaw
Vehumet
Xom
Yredelemnul

Shops:
D:1 =   D:5 [*?!((:   D:7 :


Innate Abilities, Weirdness & Mutations

You are immune to poison.
Your flesh is cold resistant. (rC+)
You are immune to negative energy. (rN+++)
You are immune to unholy pain and torment.
You are vulnerable to heat. (rF-)
You are in touch with the powers of death.
You do not drink.
You have a special connection with the divine. (Faith)


Message History

You feel a surge of power!
The yak writhes in agony.
The yak misses you.
You feel a surge of power!
The yak writhes in agony!
The yak gores you!
You are too injured to fight recklessly!
You hit the yak.
The yak is almost dead.
The yak gores you but does no damage. The yak gores you!
* * * LOW HITPOINT WARNING * * *
You can't drink.
As you read the scroll of fear, it crumbles to dust.
You assume a fearsome visage.
The yak looks frightened! x4
You hit the yak.
Your attack snaps the yak out of its fear.
The yak is almost dead.
Cornered, the yak turns to fight!
Aiming: Necrotise (safe; 1% risk of failure)
Press: ? - help, Q - select action, (/) - cycle Shift-Dir - straight line, f/p - yak
Aim: a yak (almost dead, fleeing, chance to affect: 83%)
You feel a surge of power!
The yak writhes in agony.
The yak gores you but does no damage.
Aiming: Necrotise (safe; 1% risk of failure)
Press: ? - help, Q - select action, (/) - cycle Shift-Dir - straight line, f/p - yak
Aim: a yak (almost dead, fleeing, chance to affect: 83%)
You feel a surge of power!
The yak writhes in agony!
The yak barely misses you.
Aiming: Necrotise (safe; 1% risk of failure)
Press: ? - help, Q - select action, (/) - cycle Shift-Dir - straight line, f/p - yak
Aim: a yak (almost dead, fleeing, chance to affect: 83%)
You feel a surge of power!
The yak writhes in agony.
You kill the yak!
The dead are walking!
Aiming: Necrotise (safe; 1% risk of failure)
Press: ? - help, Q - select action, (/) - cycle Shift-Dir - straight line, f - yak, p - yak
Aim: a yak (ally target, chance to affect: 83%)
You feel a surge of power!
The yak writhes in agony!
The yak gores you!
* * * LOW HITPOINT WARNING * * *
The air fills with toxic fumes!
As you read the scroll of poison, it crumbles to dust.
The yak gores you.
You die...

#### #§§
#§# #@#
###Y#
#######.Z§#
.......<###
......§§+
.....§§.#
....§§§.#
...§.§..#
........#


You could see a yak (ally target) and a friendly yak zombie.

Vanquished Creatures
  A two-headed ogre (D:6)
  A yak (D:8)
  3 orc warriors
  A black bear (D:7)
  An ogre (D:5)
  2 centaurs
  2 phantoms (D:5)
  2 kobold brigands (Sewer)
  2 bullfrogs (D:7)
  A gnoll sergeant (D:5)
  A wight (D:7)
  A howler monkey (D:5)
  2 jellies
  2 hounds
  An orc priest (D:6)
  5 orc wizards
  A scorpion zombie (D:3)
  9 gnolls
  5 adders
  3 river rats (D:4)
  A shadow imp (D:6)
  2 white imps
  An ufetubus (D:6)
  4 worms
  4 dart slugs
  16 orcs
  6 ball pythons
  12 bats
  10 endoplasms
  4 giant cockroaches
  5 hobgoblins
  7 jackals
  2 quokkas
  5 frilled lizards
  A giant cockroach zombie (D:3)
  8 goblins
  12 kobolds
  8 rats
154 creatures vanquished.

Vanquished Creatures (collateral kills)
  2 wights (D:7)
  An orc priest (D:6)
  A hound (D:7)
  A worm (D:5)
  2 orcs (D:7)
  A bat (D:1)
  An endoplasm (Sewer)
  A jackal (D:2)
  A ball python (D:3)
  2 kobolds
  A rat (D:4)
14 creatures vanquished.

Vanquished Creatures (others)
  7 orc zombies (D:7)
  2 plants (D:5)
9 creatures vanquished.

Grand Total: 177 creatures vanquished

Notes
Turn   | Place    | Note
-------+----------+-------------------------------------------
     0 | D:1      | cheesebisquit the Mummy Necromancer began the quest for the
                  | Orb.
     0 | D:1      | Reached XP level 1. HP: 13/13 MP: 4/4
   207 | D:1      | Reached XP level 2. HP: 19/19 MP: 2/6
   557 | D:1      | Found Naita's Jewellery Shop.
  1020 | D:2      | Identified the +6 scale mail "Venen" {+Inv Fly rN+}
  1072 | D:2      | Gained mutation: You are in touch with the powers of death.
                  | [Mummy growth]
  1072 | D:2      | Reached XP level 3. HP: 24/24 MP: 5/8
  1118 | D:2      | Reached skill level 5 in Spellcasting
  1312 | D:2      | Reached XP level 4. HP: 30/30 MP: 4/11
  1534 | D:2      | Identified the +4 leather armour of Chimes {Int+2}
  2271 | D:3      | Learned a level 3 spell: Vampiric Draining
  2276 | D:3      | Learned a level 4 spell: Animate Dead
  2672 | D:3      | Reached XP level 5. HP: 31/35 MP: 14/14
  2691 | D:3      | Found a basalt altar of Yredelemnul.
  3115 | D:1      | Bought a ring of flight for 175 gold pieces
  3786 | D:4      | Found a glowing drain.
  3797 | Sewer    | Entered a sewer
  3883 | Sewer    | Reached skill level 5 in Necromancy
  3883 | Sewer    | Reached XP level 6. HP: 39/41 MP: 12/16
  3939 | Sewer    | Learned a level 5 spell: Agony
  4167 | D:5      | Entered Level 5 of the Dungeon
  4214 | D:5      | Found Xedup's Book Boutique.
  4217 | D:5      | Found Nulu's Weapon Boutique.
  4218 | D:5      | Found Usicihotaa's Antique Weapon Boutique.
  4218 | D:5      | Found Vulip's Distillery.
  4401 | D:5      | Reached skill level 6 in Necromancy
  4763 | D:5      | Found a staircase to the Ecumenical Temple.
  4772 | Temple   | Entered the Ecumenical Temple
  4933 | D:5      | Found Ackiq's Magic Scroll Shoppe.
  4951 | D:5      | Reached XP level 7. HP: 44/46 MP: 17/17
  4957 | D:5      | Bought a scroll of identify for 26 gold pieces
  5018 | D:5      | Reached skill level 7 in Necromancy
  5097 | D:5      | Found Poipn's Assorted Antiques.
  5216 | D:5      | Found Lequen's Antique Armour Boutique.
  5275 | D:5      | Reached skill level 8 in Necromancy
  5587 | D:6      | Reached XP level 8. HP: 18/52 MP: 16/18
  5807 | D:6      | Reached skill level 9 in Necromancy
  5847 | D:6      | Found a sacrificial altar of Ru.
  5860 | D:6      | Found a snail-covered altar of Cheibriados.
  6160 | D:6      | Noticed a two-headed ogre
  6166 | D:6      | Killed a two-headed ogre
  6167 | D:6      | Reached skill level 10 in Necromancy
  6427 | D:7      | Reached skill level 11 in Necromancy
  6516 | D:7      | Reached XP level 9. HP: 33/57 MP: 15/19
  6939 | D:7      | Found a burning altar of Makhleb.
  7009 | D:7      | Reached skill level 12 in Necromancy
  7034 | D:7      | Found a hide-covered altar of Uskayaw.
  7034 | D:7      | Found a radiant altar of Vehumet.
  7089 | D:7      | Found Qoceih's Book Boutique.
  7355 | D:8      | HP: 2/57 [yak (9)]
  7356 | D:8      | Slain by a yak

Illustrated notes

Levels and vault maps discovered:
D:1:      reono_arrival_forest_river, layout_loops_cross, serial_shops,
          nicolae_lakefront_shop, kennysheep_flooded_box, item_on_display_a
D:2:      layout_loops_ring, minivault_23, amcnicky_mini_rare_corridor_liquid,
          chequers_decorated_corner, minmay_pentomino_q4
D:3:      minmay_chambers_of_threes, layout_loops_cross,
          lemuel_zombie_altar_yredelemnul, corexii_item_surrounded_by_moat,
          serial_bayou_pond_e
D:4:      kennysheep_big_flooded_room, layout_loops_cross, portal_sewer_entry_e
D:5:      layout_loops_ring, temple_statues, serial_shops, nicolae_square_shop,
          shop, shop, minmay_shop_grid_forest, serial_bayou_pond_e
D:6:      layout_basic, mainiacjoe_overflow_small_starburst,
          cheibriados_altar_1, grunt_decor_clamped
D:7:      layout_basic, gammafunk_temple_overflow_forgotten,
          makhleb_blood_cavern_becter, serial_shops, kennysheep_mini_moat
D:8:      layout_basic, lightli_bailey_entry_fortress, nicolae_lava_and_water,
          uniq_erica
Temple:   nicolae_temple_bog_church

Skill      XL: |  1  2  3  4  5  6  7  8  9 |
---------------+----------------------------+-----
Spellcasting   | 3 4 5 6 7 |  7.0
Necromancy     | 5 6 8 11 12 | 12.3
Dodging        | |  1.5
Stealth        | |  1.5

Action                     |  1- 3 |  4- 6 |  7- 9 || total
---------------------------+-------+-------+-------++-------
  Melee: Club              |     1 |       |       ||     1
         Short sword       |       |    27 |       ||    27
         Spear             |       |    18 |    56 ||    74
   Cast: Necrotise         |    65 |   177 |   122 ||   364
         Agony             |       |       |     2 ||     2
         Animate Dead      |       |       |     4 ||     4
    Use: Scroll            |       |     6 |     8 ||    14
   Stab: Distracted        |       |       |     1 ||     1
 Armour: Robe              |     4 |     1 |       ||     5
         Leather armour    |       |    49 |    55 ||   104
  Dodge: Dodged            |    10 |    56 |    75 ||   141

Table legend: (Time is in decaauts)
 A = Elapsed time spent in this place.
 B = Non-inter-level travel time spent in this place.
 C = Inter-level travel time spent in this place.
 D = Time resting spent in this place.
 E = Time spent auto-exploring this place.
 F = Levels seen in this place.
 G = Mean time per level.
                   A        B        C        D        E       F      G
               +--------+--------+--------+--------+--------+-----+--------+
         Total |   7414 |   6808 |    606 |    455 |   5000 |  10 |  741.4 |
       Dungeon |   6999 |   6414 |    585 |    397 |   4769 |   8 |  874.9 |
        Temple |    149 |    128 |     21 |      0 |    121 |   1 |  149.0 |
         Sewer |    265 |    265 |      0 |     58 |    110 |   1 |  265.0 |
               +--------+--------+--------+--------+--------+-----+--------+

Top non-repeatable levels by time:
     D:2: 1225 daAuts
     D:1: 1133 daAuts
     D:3: 1034 daAuts
     D:7: 938 daAuts
     D:6: 918 daAuts
     D:5: 906 daAuts
     D:4: 816 daAuts
   Sewer: 265 daAuts
  Temple: 149 daAuts
     D:8: 25 daAuts
